 Dungeon Crawl Stone Soup version 0.26-a0-690-gcb57259078 (webtiles) character file.

Game seed: 4865739637423295915

30 runemasterragnar the Sneak (level 3, -6/23 HPs)
             Began as a Kobold Delver on Oct 24, 2020.
             Splashed by a jelly's acid (9 damage)
             ... on level 5 of the Dungeon.
             The game lasted 00:01:09 (96 turns).

runemasterragnar the Sneak (Kobold Delver)            Turns: 96, Time: 00:01:10

Health: -6/23      AC: -5    Str: 10    XL:     3   Next: 37%
Magic:  3/3        EV: 15    Int: 11    God:
Gold:   0          SH:  0    Dex: 16    Spells: 2/2 levels left

rFire    . . .     SeeInvis .   a - +0 short sword
rCold    . . .     Faith    .   (shield restricted)
rNeg     . . .     Spirit   .   b - +0 leather armour
rPois    .         Reflect  .   (no helmet)
rElec    .         Harm     .   (no cloak)
rCorr    .         Rampage  .   (no gloves)
MR       .....                  (no boots)
Stlth    ++++......             (no amulet)
HPRegen  0.07/turn              (no ring)
MPRegen  0.08/turn              (no ring)

@: lethally poisoned (-6 -> -9), corroded, hasted, very quick
A: small, nightstalker 3
a: no special abilities


You were on level 5 of the Dungeon.
You visited 1 branch of the dungeon, and saw 1 of its levels.

Inventory:

Hand Weapons
 a - a +0 short sword (weapon)
Armour
 b - a +0 leather armour (worn)
Wands
 g - a wand of digging (3)
Scrolls
 c - a scroll of fog
 d - a scroll of magic mapping
 e - a scroll of fear


   Skills:
 + Level 3.6 Fighting
 + Level 3.2 Short Blades
 + Level 2.9 Dodging
 + Level 6.9 Stealth
 + Level 1.2 Evocations


You had 2 spell levels left.
You didn't know any spells.
Your spell library was empty.

Dungeon Overview and Level Annotations

Branches:
Dungeon (5/15)
 Temple: D:4-7

Altars:


Innate Abilities, Weirdness & Mutations

You are small and have problems with some larger weapons.
You are completely attuned to the shadows.


Message History

You barely miss the adder. The adder closely misses you. The adder bites you.
You are poisoned.
The adder poisons you!
You feel yourself speed up.
You feel sick. The adder completely misses you.
You closely miss the adder. The jelly hits you. The acid corrodes you!
You are splashed with acid!
The adder closely misses you.
You closely miss the adder.
Unknown command.
You hit the adder.
The adder is heavily wounded.
The adder bites you.
* * * LOW HITPOINT WARNING * * *
The jelly completely misses you.
Unknown command.
You closely miss the adder.
The adder is heavily wounded.
The adder misses you. The jelly hits you.
* * * LOW HITPOINT WARNING * * *
The acid corrodes you!
You are splashed with acid!
You die...

..#. .#
8..#.#.#
.....#.#
........ .
...).... ..
....[...
####...
....Z....
#.@S...
......#.#
#J###..
...#.... #.#
##...... ..
#.# ##.....
... #.#
#.....
.?..##.###.
#§.§..
#...........
##.....
#....#.#####
####......
##....#.#
#..^Z.....


You could see a jelly and an adder.

Vanquished Creatures
  An orc priest (D:5)
  An orc (D:5)
2 creatures vanquished.

Notes
Turn   | Place    | Note
-------+----------+-------------------------------------------
     0 | D:5      | runemasterragnar the Kobold Delver began the quest for the
                  | Orb.
     0 | D:5      | Reached XP level 1. HP: 14/14 MP: 1/1
     8 | D:5      | Noticed an orc priest
    10 | D:5      | Noticed a jelly
    11 | D:5      | Killed an orc priest
    11 | D:5      | Reached skill level 1 in Evocations
    11 | D:5      | Reached XP level 2. HP: 19/19 MP: 2/2
    11 | D:5      | Reached XP level 3. HP: 23/23 MP: 3/3
    96 | D:5      | Splashed by a jelly's acid

Illustrated notes

Levels and vault maps discovered:
D:5:      layout_basic, serial_shops, nicolae_shop_statue_plus, enter_ossuary_5

Skill      XL: |  1 |
---------------+----+-----
Short Blades   | 3 |  3.2
Evocations     | 1 |  1.2
Fighting       | |  3.6
Dodging        | |  2.9
Stealth        | |  6.9

Action                   || total
-------------------------++-------
Melee: Short sword       ||     7
  Use: Potion            ||     1
 Stab: Sleeping          ||     2
Dodge: Dodged            ||    10

Table legend: (Time is in decaauts)
 A = Elapsed time spent in this place.
 B = Non-inter-level travel time spent in this place.
 C = Inter-level travel time spent in this place.
 D = Time resting spent in this place.
 E = Time spent auto-exploring this place.
 F = Levels seen in this place.
 G = Mean time per level.
                   A        B        C        D        E       F      G
               +--------+--------+--------+--------+--------+-----+--------+
         Total |     94 |     94 |      0 |      0 |      0 |   1 |   94.0 |
       Dungeon |     94 |     94 |      0 |      0 |      0 |   1 |   94.0 |
               +--------+--------+--------+--------+--------+-----+--------+

Top non-repeatable levels by time:
     D:5: 94 daAuts
